SAAA
VERMONT LAKE MONSTERS @ TORTOLITA DRUMMERS
09/15/2028
 
TOP OF THE 1ST
Vermont Lake Monsters batting - Pitching for Tortolita Drummers : RHP Ricky Jackson
Pitching: RHP Ricky Jackson
Batting: RHB José Alcalá 0-0: Called Strike
0-1: Ball
1-1: Foul Ball, location: 2F
1-2: Foul Ball, location: 2F
1-2: Ball
2-2: Ball
3-2: SINGLE (Groundball, 56D)
Batting: LHB Luis Freitas 0-0: Called Strike
0-1: Ball
1-1: Called Strike
1-2: Ball
2-2: DOUBLE (Groundball, 3L)
José Alcalá to third
Batting: RHB Ray John 0-0: Ball
1-0: Foul Ball, location: 2F
1-1: Ground out 6-3 (Groundball, 6)
José Alcalá scores
Luis Freitas to third
Batting: RHB Zelmar Barajas 0-0: Called Strike
0-1: Ball
1-1: Foul Ball, location: 2F
1-2: SINGLE (Line Drive, 89S)
Luis Freitas scores
Batting: RHB Augusto Encarnación 0-0: Called Strike
0-1: Foul Ball, location: 2F
0-2: Ball
Zelmar Barajas steals 2nd base
1-2: Ground out 1-3 (Groundball, 15S)
Batting: LHB Arturo Gonzáles 0-0: Called Strike
0-1: Fly out, F8 (Flyball, 8LD)
Top of the 1st over - 2 run(s), 3 hit(s), 0 error(s), 1 left on base; Vermont 2 - Tortolita 0
BOTTOM OF THE 1ST
Tortolita Drummers batting - Pitching for Vermont Lake Monsters : RHP Bill Lee
Pitching: RHP Bill Lee
Batting: LHB Orlando Trevino 0-0: Ball
1-0: Swinging Strike
1-1: Ball
2-1: Foul Ball, location: 2F
2-2: Ball
3-2: Foul Ball, location: 2F
3-2: Foul Ball, location: 2F
3-2: Fly out, F4 (Line Drive, 4)
Batting: RHB Jim Burch 0-0: Ball
1-0: Ball
2-0: Fly out, F5 (Popup, 5L)
Batting: RHB Yoshihito Saikawa 0-0: Foul Ball, location: 2F
0-1: Ball
1-1: Called Strike
1-2: SOLO HOME RUN (Flyball, 78XD), Distance : 407 ft
Batting: LHB Ramón García 0-0: SINGLE (Groundball, 4D)
Batting: SHB Roberto Mosca 0-0: Fly out, F4 (Popup, 4D)
Bottom of the 1st over - 1 run(s), 2 hit(s), 0 error(s), 1 left on base; Vermont 2 - Tortolita 1
TOP OF THE 2ND
Vermont Lake Monsters batting - Pitching for Tortolita Drummers : RHP Ricky Jackson
Batting: RHB Pedro Torres 0-0: Called Strike
0-1: Ball
1-1: SINGLE (Groundball, 6MD)
Batting: SHB Orlando Miranda 0-0: Ball
1-0: SINGLE (Groundball, 4MD)
Pedro Torres to second
Batting: RHB Ryan Elmore 0-0: Ball
1-0: Ball
2-0: Ball
3-0: Called Strike
3-1: Foul Ball, location: 2F
3-2: Base on Balls
Pedro Torres to third
Orlando Miranda to second
Batting: RHB José Alcalá 0-0: Foul Ball, location: 2F
0-1: Foul Ball, location: 2F
0-2: Fielders Choice at 2nd, 4-6 (Groundball, 4)
Pedro Torres scores
Orlando Miranda to third
Batting: LHB Luis Freitas 0-0: Ball
1-0: Ball
2-0: Called Strike
2-1: Fielders Choice at 2nd, 4-6 (Groundball, 4)
Orlando Miranda scores
Batting: RHB Ray John 0-0: Called Strike
0-1: Ball
1-1: Called Strike
Luis Freitas steals 2nd base
1-2: Ball
2-2: Ball
3-2: Fly out, F9 (Flyball, 9LS)
Top of the 2nd over - 2 run(s), 2 hit(s), 0 error(s), 1 left on base; Vermont 4 - Tortolita 1
BOTTOM OF THE 2ND
Tortolita Drummers batting - Pitching for Vermont Lake Monsters : RHP Bill Lee
Batting: RHB Vernon Caw 0-0: Ball
1-0: Foul Ball, location: 2F
1-1: Ball
2-1: Fly out, F9 (Flyball, 9S)
Batting: RHB Ed Hopkins 0-0: Called Strike
0-1: Foul Ball, location: 2F
0-2: Ball
1-2: Ball
2-2: Ball
3-2: Foul Ball, location: 2F
3-2: Ground out 6-3 (Groundball, 6)
Batting: RHB Miguel Canales 0-0: Called Strike
0-1: Foul Ball, location: 2F
0-2: Ball
1-2: Ground out 4-3 (Groundball, 4)
Bottom of the 2nd over - 0 run(s), 0 hit(s), 0 error(s), 0 left on base; Vermont 4 - Tortolita 1
TOP OF THE 3RD
Vermont Lake Monsters batting - Pitching for Tortolita Drummers : RHP Ricky Jackson
Batting: RHB Zelmar Barajas 0-0: Ball
1-0: Ball
2-0: Ball
3-0: Base on Balls
Batting: RHB Augusto Encarnación 0-0: Called Strike
0-1: Ball
1-1: Called Strike
1-2: Foul Ball, location: 2F
1-2: Foul Ball, location: 2F
1-2: Foul Ball, location: 2F
1-2: Foul Ball, location: 2F
1-2: SINGLE (Groundball, 56D)
Zelmar Barajas to second
Batting: LHB Arturo Gonzáles 0-0: Ball
1-0: Swinging Strike
1-1: Foul Ball, location: 2F
1-2: Ball
2-2: Ball
3-2: Fielders Choice at 2nd, 4-6 (Groundball, 4D)
Zelmar Barajas to third
Batting: RHB Pedro Torres 0-0: Ball
Arturo Gonzáles is caught stealing 2nd base
1-0: Foul Ball, location: 2F
1-1: 2-RUN HOME RUN (Flyball, 7D), Distance : 349 ft
Batting: SHB Orlando Miranda 0-0: Foul Ball, location: 2F
0-1: Swinging Strike
0-2: Ball
1-2: Foul Ball, location: 2F
1-2: Foul Ball, location: 2F
1-2: Strikes out swinging
Top of the 3rd over - 2 run(s), 2 hit(s), 0 error(s), 0 left on base; Vermont 6 - Tortolita 1
BOTTOM OF THE 3RD
Tortolita Drummers batting - Pitching for Vermont Lake Monsters : RHP Bill Lee
Batting: RHB Jeb Sexton 0-0: SINGLE (Groundball, 6MD)
Batting: LHB Orlando Trevino 0-0: Ball
1-0: Ball
2-0: Foul Ball, location: 2F
2-1: Fly out, F6 (Popup, 4MS)
Batting: RHB Jim Burch 0-0: SINGLE (Groundball, 56D)
Jeb Sexton to second
Batting: RHB Yoshihito Saikawa 0-0: Ball
1-0: Called Strike
1-1: Ball
2-1: Foul Ball, location: 2F
2-2: SINGLE (Groundball, 6D)
Jeb Sexton to third
Jim Burch to second
Runner from 3rd tries for Home, SAFE, no throw
Batting: LHB Ramón García 0-0: Foul Ball, location: 2F
0-1: Swinging Strike
0-2: Strikes out swinging
Batting: SHB Roberto Mosca 0-0: Called Strike
0-1: Ball
Wild Pitch!
Jim Burch to third
Yoshihito Saikawa to second
1-1: Fly out, F8 (Flyball, 8LM)
Bottom of the 3rd over - 1 run(s), 3 hit(s), 0 error(s), 2 left on base; Vermont 6 - Tortolita 2
TOP OF THE 4TH
Vermont Lake Monsters batting - Pitching for Tortolita Drummers : RHP Ricky Jackson
Batting: RHB Ryan Elmore 0-0: SINGLE (Groundball, 56) (infield hit)
Batting: RHB José Alcalá 0-0: Ball
1-0: Ball
2-0: Ball
3-0: Base on Balls
Ryan Elmore to second
Batting: LHB Luis Freitas 0-0: Swinging Strike
0-1: Ball
Wild Pitch!
Ryan Elmore to third
José Alcalá to second
1-1: Called Strike
1-2: Ball
2-2: Ball
3-2: Strikes out swinging
Batting: RHB Ray John 0-0: Ground out 4-3 (Groundball, 4M)
Ryan Elmore scores
José Alcalá to third
Batting: RHB Zelmar Barajas 0-0: Ball
1-0: Swinging Strike
1-1: Ball
2-1: Foul Ball, location: 2F
2-2: Ground out 4-3 (Groundball, 4M)
Top of the 4th over - 1 run(s), 1 hit(s), 0 error(s), 1 left on base; Vermont 7 - Tortolita 2
BOTTOM OF THE 4TH
Tortolita Drummers batting - Pitching for Vermont Lake Monsters : RHP Bill Lee
Batting: RHB Vernon Caw 0-0: Called Strike
0-1: Swinging Strike
0-2: Ball
1-2: Foul Ball, location: 2F
1-2: Foul Ball, location: 2F
1-2: Foul Ball, location: 2F
1-2: Foul Ball, location: 2F
1-2: Ball
2-2: Foul Ball, location: 2F
2-2: Ball
3-2: Foul Ball, location: 2F
3-2: DOUBLE (Flyball, 8RXD)
Batting: RHB Ed Hopkins 0-0: Swinging Strike
0-1: Foul Ball, location: 2F
0-2: Ball
1-2: Strikes out swinging
Batting: RHB Miguel Canales 0-0: Called Strike
0-1: Ground out 1-3 (Groundball, 13)
Vernon Caw to third
Batting: RHB Jeb Sexton 0-0: Ball
1-0: Called Strike
1-1: Swinging Strike
1-2: Foul Ball, location: 2F
1-2: Fly out, F2 (Popup, 25)
Bottom of the 4th over - 0 run(s), 1 hit(s), 0 error(s), 1 left on base; Vermont 7 - Tortolita 2
TOP OF THE 5TH
Vermont Lake Monsters batting - Pitching for Tortolita Drummers : RHP Ricky Jackson
Pitching: RHP Mike Desmond
Batting: RHB Augusto Encarnación 0-0: Ball
1-0: SINGLE (Groundball, 6MD)
Batting: LHB Arturo Gonzáles 0-0: Ball
1-0: Called Strike
1-1: Ball
2-1: SINGLE (Line Drive, 8LS)
Augusto Encarnación to second
Batting: RHB Pedro Torres 0-0: Ball
1-0: Grounds into double play, 5-4-3 (Groundball, 56)
Augusto Encarnación to third
Batting: SHB Orlando Miranda 0-0: Swinging Strike
0-1: Ball
1-1: Swinging Strike
1-2: Foul Ball, location: 2F
1-2: Strikes out looking
Top of the 5th over - 0 run(s), 2 hit(s), 0 error(s), 1 left on base; Vermont 7 - Tortolita 2
BOTTOM OF THE 5TH
Tortolita Drummers batting - Pitching for Vermont Lake Monsters : RHP Bill Lee
Batting: LHB Orlando Trevino 0-0: Ground out 4-3 (Groundball, 4)
Batting: RHB Jim Burch 0-0: Ball
1-0: Ball
2-0: Called Strike
2-1: Fly out, F6 (Popup, 6)
Batting: RHB Yoshihito Saikawa 0-0: Called Strike
0-1: Swinging Strike
0-2: Ball
1-2: Strikes out looking
Bottom of the 5th over - 0 run(s), 0 hit(s), 0 error(s), 0 left on base; Vermont 7 - Tortolita 2
TOP OF THE 6TH
Vermont Lake Monsters batting - Pitching for Tortolita Drummers : RHP Mike Desmond
Batting: RHB Ryan Elmore 0-0: Ball
1-0: Foul Ball, location: 2F
1-1: SINGLE (Line Drive, 6MD)
Batting: RHB José Alcalá 0-0: Grounds into double play, 6-4-3 (Groundball, 6)
Batting: LHB Luis Freitas 0-0: Foul Ball, location: 2F
0-1: Ground out 3-1 (Groundball, 34)
Top of the 6th over - 0 run(s), 1 hit(s), 0 error(s), 0 left on base; Vermont 7 - Tortolita 2
BOTTOM OF THE 6TH
Tortolita Drummers batting - Pitching for Vermont Lake Monsters : RHP Bill Lee
Batting: LHB Ramón García 0-0: DOUBLE (Flyball, 78D)
Batting: SHB Roberto Mosca 0-0: Called Strike
0-1: Foul Ball, location: 2F
0-2: Foul Ball, location: 2F
0-2: Strikes out looking
Batting: RHB Vernon Caw 0-0: Ball
1-0: Ball
2-0: Called Strike
2-1: Ball
Ramón García steals 3rd base
3-1: Fly out, F8 (Flyball, 8RM)
Runner from 3rd tags up, SCORES, no throw
Batting: RHB Ed Hopkins 0-0: Ball
1-0: Ball
2-0: Ball
3-0: Base on Balls
Pitching: RHP Manuel Montés
Batting: RHB Miguel Canales 0-0: Fly out, F7 (Flyball, 7LM)
Bottom of the 6th over - 1 run(s), 1 hit(s), 0 error(s), 1 left on base; Vermont 7 - Tortolita 3
TOP OF THE 7TH
Vermont Lake Monsters batting - Pitching for Tortolita Drummers : RHP Mike Desmond
Batting: RHB Ray John 0-0: Ball
1-0: Ground out 6-3 (Groundball, 6)
Batting: RHB Zelmar Barajas 0-0: Ball
1-0: Foul Ball, location: 2F
1-1: Foul Ball, location: 2F
1-2: Foul Ball, location: 2F
1-2: Ball
2-2: Ball
3-2: Strikes out swinging
Batting: RHB Augusto Encarnación 0-0: SINGLE (Flyball, 7LS)
Batting: LHB Arturo Gonzáles 0-0: Called Strike
0-1: Ball
1-1: Called Strike
1-2: Strikes out swinging
Top of the 7th over - 0 run(s), 1 hit(s), 0 error(s), 1 left on base; Vermont 7 - Tortolita 3
BOTTOM OF THE 7TH
Tortolita Drummers batting - Pitching for Vermont Lake Monsters : RHP Manuel Montés
Batting: RHB Jeb Sexton 0-0: Ball
1-0: Called Strike
1-1: Ball
2-1: SINGLE (Line Drive, 4M)
Batting: LHB Orlando Trevino 0-0: Ball
1-0: Foul Ball, location: 2F
1-1: Called Strike
1-2: Foul Ball, location: 2F
1-2: Strikes out swinging
Batting: RHB Jim Burch 0-0: Called Strike
0-1: Ball
1-1: Fly out, F3 (Popup, 3L)
Batting: RHB Yoshihito Saikawa 0-0: Ball
1-0: Ball
2-0: Ball
3-0: Base on Balls
Jeb Sexton to second
Batting: LHB Ramón García 0-0: Called Strike
0-1: Ball
1-1: DOUBLE (Flyball, 78D)
Jeb Sexton scores
Yoshihito Saikawa to third
Batting: SHB Roberto Mosca 0-0: Called Strike
0-1: Ball
1-1: Ball
2-1: Ball
3-1: Foul Ball, location: 2F
3-2: Foul Ball, location: 2F
3-2: Base on Balls
Batting: RHB Vernon Caw 0-0: Ball
1-0: Called Strike
1-1: DOUBLE (Line Drive, 9LM)
Yoshihito Saikawa scores
Ramón García scores
Roberto Mosca to third
Runner from 3rd tries for Home, SAFE, no throw
Pitching: LHP Hwen-thiang Qin
Batting: RHB Ed Hopkins 0-0: Called Strike
0-1: Ball
1-1: Ball
2-1: Foul Ball, location: 2F
2-2: Foul Ball, location: 2F
2-2: Foul Ball, location: 2F
2-2: Foul Ball, location: 2F
2-2: Ball
3-2: Strikes out looking
Bottom of the 7th over - 4 run(s), 3 hit(s), 0 error(s), 1 left on base; Vermont 7 - Tortolita 7
TOP OF THE 8TH
Vermont Lake Monsters batting - Pitching for Tortolita Drummers : RHP Mike Desmond
Batting: RHB Pedro Torres 0-0: Called Strike
0-1: SINGLE (Groundball, 6D)
Batting: SHB Orlando Miranda 0-0: Ball
1-0: Sac Bunt - play at second, runner safe!
Pinch Hitting: LHB Chris Gregory 0-0: Ball
1-0: Ball
Passed Ball!
Pedro Torres to third
Orlando Miranda to second
2-0: Intentional Walk
Pitching: RHP Pedro Figueroa
Batting: RHB José Alcalá 0-0: Swinging Strike
0-1: Foul Ball, location: 2F
0-2: SINGLE (Line Drive, 56)
Pedro Torres scores
Orlando Miranda to third
Chris Gregory to second
Batting: LHB Luis Freitas 0-0: Called Strike
0-1: Fly out, F7 (Flyball, 78M)
Runner from 3rd tags up, SCORES, no throw
Batting: RHB Ray John 0-0: Called Strike
0-1: Ball
1-1: Ball
2-1: SINGLE (Groundball, 4MD)
Chris Gregory to third
José Alcalá to second
Runner from 3rd tries for Home, throw and OUT!
Now in CF: Keith Best
Pinch Hitting: RHB Rafael Pueblo 0-0: Ball
1-0: Foul Ball, location: 2F
1-1: SINGLE (Groundball, 6D)
José Alcalá to third
Ray John to second
Runner from 3rd tries for Home, SAFE, no throw
Batting: RHB Augusto Encarnación 0-0: Foul Ball, location: 2F
0-1: Ball
1-1: Swinging Strike
1-2: Ball
2-2: Strikes out looking
Top of the 8th over - 3 run(s), 4 hit(s), 0 error(s), 2 left on base; Vermont 10 - Tortolita 7
BOTTOM OF THE 8TH
Tortolita Drummers batting - Pitching for Vermont Lake Monsters : LHP Hwen-thiang Qin
Now at 3B: Justin Smelter
Now at SS: Gene Lucero
Batting: RHB Miguel Canales 0-0: Called Strike
0-1: Ball
1-1: SINGLE (Line Drive, 89S)
Batting: RHB Jeb Sexton 0-0: Ball
1-0: Called Strike
1-1: Fly out, F7 (Flyball, 7LSF)
Batting: LHB Orlando Trevino 0-0: Ball
1-0: Foul Ball, location: 2F
1-1: Grounds out, U3 (Groundball, 3L)
Batting: RHB Jim Burch 0-0: SINGLE (Groundball, 56D)
Miguel Canales to third
Runner from 3rd tries for Home, SAFE, no throw
Pitching: RHP Javier Matajudíos
Batting: RHB Yoshihito Saikawa 0-0: Swinging Strike
0-1: Ball
1-1: Ball
2-1: Foul Ball, location: 2F
2-2: Ball
3-2: Foul Ball, location: 2F
3-2: Strikes out swinging
Bottom of the 8th over - 1 run(s), 2 hit(s), 0 error(s), 1 left on base; Vermont 10 - Tortolita 8
TOP OF THE 9TH
Vermont Lake Monsters batting - Pitching for Tortolita Drummers : RHP Pedro Figueroa
Batting: LHB Arturo Gonzáles 0-0: Ground out 4-3 (Groundball, 34D)
Batting: RHB Pedro Torres 0-0: Swinging Strike
0-1: Foul Ball, location: 2F
0-2: Ground out 5-3 (Groundball, 56)
Batting: SHB Orlando Miranda 0-0: Called Strike
0-1: Foul Ball, location: 2F
0-2: Ball
1-2: Fly out, F2 (Popup, 23)
Top of the 9th over - 0 run(s), 0 hit(s), 0 error(s), 0 left on base; Vermont 10 - Tortolita 8
BOTTOM OF THE 9TH
Tortolita Drummers batting - Pitching for Vermont Lake Monsters : RHP Javier Matajudíos
Pitching: LHP Cherles Gachineiro
Batting: RHB Keith Best 0-0: Ball
1-0: Ball
2-0: Called Strike
2-1: Ball
3-1: Base on Balls
Pinch Hitting: RHB Dave King 0-0: Called Strike
0-1: Grounds into double play, 5-4-3 (Groundball, 6)
Batting: RHB Vernon Caw 0-0: Called Strike
0-1: Swinging Strike
0-2: Ball
1-2: Hit by Pitch
Batting: RHB Ed Hopkins 0-0: Ball
1-0: Swinging Strike
1-1: Called Strike
1-2: Strikes out swinging
Bottom of the 9th over - 0 run(s), 0 hit(s), 0 error(s), 1 left on base; Vermont 10 - Tortolita 8
Wednesday, September 6th, 2017 - OOTP Baseball 17.12 Build 75